 Dungeon Sprint DCSS version bcrawl-1.14.2-1-gc900083943 (webtiles) character file.

Game seed: 1453422390151153382

18410 MordorOrchid the Eclecticist (level 12, -6/73 HPs)
             Began as an Avariel Air Elementalist on Sept 22, 2019.
             Was the Champion of Sif Muna.
             Hit by a large rock thrown by a stone giant (46 damage)
             ... in the Dungeon (Sprint IX: "|||||||||||||||||||||||||||||").
             The game lasted 00:24:53 (1322 turns).

MordorOrchid the Eclecticist (AvAE)                 Turns: 1322, Time: 00:24:53

Health: -6/73      AC:  5    Str:  6    XL:     12   Next: 58%
Magic:  21/36      EV: 23    Int: 30    God:    Sif Muna [******]
Gold:   230        SH:  0    Dex: 16    Spells: 6/47 levels left

rFire    . . .     SeeInvis .   y - +3 rapier (venom)
rCold    . . .     Gourm    .   (no shield)
rNeg     . . .     Faith    .   a - +0 robe
rPois    .         Spirit   .   r - +0 helmet
rElec    .         Reflect  .   D - +0 cloak
rCorr    .         Harm     .   (no gloves)
MR       +....     NoTele   +   s - +0 pair of boots
Stlth    ++........             V - amulet of magic regeneration
HPRegen  0.22/turn              u - +3 ring of intelligence
MPRegen  0.50/turn              v - +3 ring of dexterity

@: divine energy
A: able to fly
a: Fly, Stop Divine Energy, Channel Magic, Forget Spell, Renounce Religion


You were in the Dungeon.
You worshipped Sif Muna.
Sif Muna was exalted by your worship.
You were not hungry.

You visited 1 branch You collected 1941 gold pieces.
You spent 1711 gold pieces at shops.

Inventory:

Hand Weapons
 b - a +9 blowgun
 n - a +5 battleaxe of venom
 o - a +4 quarterstaff of speed
 p - a +2 halberd of protection
 q - a +2 scimitar of holy wrath
 x - a +0 hand crossbow
 y - a +3 rapier of venom (weapon)
 O - the +0 spear "MordorOrchid's Bane" {protect, *Rage +Fly rElec rC+++}
   (You found it in the Dungeon)

   It grants its wielder temporary protection when it strikes (+7 to AC).
   It renders you almost immune to cold.
   It insulates you from electricity.
   It lets you fly.
   It may make you go berserk in combat.
Missiles
 H - 3 throwing nets (quivered) {!f}
 T - 82 needles of confusion
Armour
 a - a +0 robe (worn)
 r - a +0 helmet (worn)
 s - a +0 pair of boots (worn)
 t - a +2 ring mail
 z - a +0 buckler
 D - a +0 cloak (worn)
 I - a +0 ring mail of cold resistance
 J - a +0 shield
 P - a +1 cloak
 Q - +0 swamp dragon scales
Jewellery
 u - a +3 ring of intelligence (left hand)
 v - a +3 ring of dexterity (right hand)
 K - an uncursed ring of ice
 L - an uncursed ring of fire
 M - an uncursed ring of fire
 N - an uncursed ring of protection from magic
 V - an amulet of magic regeneration (around neck)
Wands
 m - a wand of acid (6)
Scrolls
 c - 3 scrolls of remove curse
 i - 6 scrolls of blinking
 l - 2 scrolls of amnesia
 A - 4 scrolls of enchant armour
 B - a scroll of fear
 C - 3 scrolls of identify
 G - a scroll of fog
Potions
 d - 5 potions of curing
 e - a potion of agility
 f - a potion of haste
 g - 4 potions of magic
 h - 2 potions of berserk rage
 j - 7 potions of heal wounds
 w - 2 potions of brilliance
 E - a potion of resistance {unknown}
 F - a potion of flight {unknown}
 R - 2 potions of mutation
Miscellaneous
 U - a phial of floods
Comestibles
 k - 12 rations {!d}
 S - 5 chunks of flesh


   Skills:
 - Level 8.1 Fighting
 - Level 4.0 Short Blades
 * Level 13.8 Dodging
 - Level 2.1 Stealth
 * Level 4.9 Shields
 - Level 18.1 Spellcasting
 - Level 17.0 Conjurations
 - Level 3.3 Charms
 - Level 3.2 Summonings
 - Level 4.2 Necromancy
 - Level 5.1 Fire Magic
 * Level 10.4 Ice Magic
 - Level 10.7 Air Magic
 - Level 7.3 Invocations
 - Level 7.3 Evocations


You had 6 spell levels left.
You knew the following spells:

 Your Spells              Type           Power        Failure   Level  Hunger
a - Shock                 Conj/Air       #####        0%          1    None
b - Airstrike             Air            #######...   1%          4    None
c - Bolt of Cold          Conj/Ice       #######...   1%          6    #......
f - Fireball              Conj/Fire      #######...   1%          5    None
g - Mephitic Cloud        Conj/Pois/Air  ######..     1%          3    None
h - Lightning Bolt        Conj/Air       #######...   1%          5    None
j - Summon Lightning Spi  Summ/Air       ######..     2%          5    None
k - Regeneration          Chrm/Necr      #####.....   1%          3    None
o - Orb of Destruction    Conj           #######...   1%          7    ####...
w - Swiftness             Chrm/Air       ######..     1%          2    None

Your spell library contained the following spells:

 Spells                   Type           Power        Failure   Level  Hunger
 Flame Tongue             Conj/Fire      #####        0%          1    None
 Magic Dart               Conj           ####         0%          1    None
 Searing Ray              Conj           ######       0%          2    None
 Throw Frost              Conj/Ice       ######       0%          2    None
 Iskenderun's Mystic Bla  Conj           #######.     0%          3    None
 Corona                   Hex            ####...      1%          1    None
 Infusion                 Chrm           #####...     1%          1    None
 Sting                    Conj/Pois      ####         1%          1    None
 Ensorcelled Hibernation  Hex/Ice        ######       1%          2    None
 Song of Slaying          Chrm           #####...     1%          2    None
 Conjure Flame            Conj/Fire      #######.     1%          3    None
 Dazzling Spray           Conj/Hex       ######       1%          3    None
 Inner Flame              Hex/Fire       N/A          1%          3    None
 Ozocubu's Armour         Chrm/Ice       ######..     1%          3    None
 Static Discharge         Air            #######.     1%          3    None
 Fulminant Prism          Conj/Hex       ######....   1%          4    None
 Sticky Flame             Conj/Fire      #######.     1%          4    None
 Throw Icicle             Conj/Ice       #######.     1%          4    None
 Bolt of Draining         Conj/Necr      ######....   1%          5    None
 Bolt of Magma            Conj/Fire/Erth ######....   1%          5    None
 Venom Bolt               Conj/Pois      ######....   1%          5    None
 Conjure Ball Lightning   Conj/Air       #######...   1%          6    #......
 Ignite Poison            Fire/Tmut/Pois #####...     2%          3    None
 Spectral Weapon          Hex/Chrm       #####...     2%          3    None
 Bolt of Fire             Conj/Fire      #######...   2%          6    #......
 Confuse                  Hex            ####....     4%          3    None
 Tukima's Dance           Hex            ####....     4%          3    None
 Iron Shot                Conj/Erth      ######....   7%          6    #......
 Poison Arrow             Conj/Pois      ######....   7%          6    #......
 Summon Scorpions         Summ/Pois      #####...     8%          4    None
 Simulacrum               Ice/Necr       ######....   12%         6    #......
 Deflect Missiles         Chrm/Air       ######....   13%         6    #......
 Olgreb's Toxic Radiance  Pois           ####....     16%         4    None
 Summon Mana Viper        Hex/Summ       #####...     22%         5    None
 Blade Hands              Tmut           ####......   38%         5    None
 Summon Hydra             Summ           #####.....   52%         6    #......
 Darkness                 Hex            ####......   93%         6    #......
 Dispersal                Tloc           ####......   93%         6    #......
 Infestation              Hex/Tmut/Pois  ####.....    93%         6    #......
 Statue Form              Tmut/Erth      ####.....    93%         6    #......
 Icicle Burst             Conj/Ice       #######...   4%          7    ####...
 Spellforged Servitor     Conj/Summ      ######....   21%         7    ####...
 Chain Lightning          Conj/Air       #######...   32%         8    ######.
 Glaciate                 Conj/Ice/Air   #######...   47%         8    ######.
 Ring of Flames           Chrm/Fire      ######....   92%         7    ####...
 Lehudib's Crystal Spear  Conj/Erth      ######....   97%         8    ######.
 Discord                  Hex            ####......   100%        8    ######.
 Necromutation            Tmut/Necr      #####...     100%        8    ######.
 Fire Storm               Conj/Fire      #######...   100%        9    #######


Dungeon Overview and Level Annotations

Branches:
Dungeon (1/1)

Altars:
Cheibriados
Dithmenos
Elyvilon
Fedhas
Gozag
Hepliaklqana
Kikubaaqudgha
Lugonu
Makhleb
Nemelex Xobeh
Okawaru
Qazlal
Ru
Sif Muna
Trog
Uskayaw
Vehumet
Wu Jian
Xom
Yredelemnul
Zin
The Shining One
Beogh
Jiyva

Shops:
D **[(


Innate Abilities, Weirdness & Mutations

You can fly continuously.


Message History

Casting: Airstrike (safe; 1% risk of failure)
Confirm with . or Enter, or press ? or * to list all spells.
Aiming: Airstrike (safe; 1% risk of failure)
Press: ? - help, Dir - move target cursor, f/p - harpy
Aim: a harpy (heavily wounded)
The air twists around and violently strikes the harpy!!
The harpy is almost dead.
The harpy closely misses you. x2
Casting: Airstrike (safe; 1% risk of failure)
Confirm with . or Enter, or press ? or * to list all spells.
Aiming: Airstrike (safe; 1% risk of failure)
Press: ? - help, Dir - move target cursor, f/p - harpy
Aim: a harpy (almost dead)
The air twists around and violently strikes the harpy!!
You kill the harpy!
Sif Muna accepts your kill.
The stone giant throws a large rock.
The large rock hits you!!
The stone giant throws a large rock.
The large rock hits you!!!
Ouch! That really hurt!
You die...

.|.'††÷÷.....'..÷÷.÷...[[.'..[.[[
▓▓▓▓▓▓▓▓▓▓▓▓▓▓▓▓▓▓▓▓▓▓▓▓▓▓▓▓▓▓▓▓▓
.................................
▓▓▓▓▓▓▓▓▓▓▓▓▓▓▓▓▓▓▓▓▓▓▓▓▓▓▓▓▓▓▓▓▓
))))))......')))))∩.∩.∩.∩.....'..
▓▓▓▓▓▓▓▓▓▓▓▓▓▓▓▓▓▓▓▓▓▓▓▓▓▓▓▓▓▓▓▓▓
..............................)).
▓▓▓▓▓▓▓▓▓▓▓▓▓▓▓▓▓▓▓▓▓▓▓▓▓▓▓▓▓▓▓▓▓
[[[[..........†.@†)....C.
▓▓▓▓▓▓▓▓▓▓▓▓▓▓▓▓▓▓▓▓▓▓▓▓▓


You could see a stone giant.

Vanquished Creatures
  A very ugly thing (D)
  2 ogre magi (D)
  A great orb of eyes (D)
  Harold (D)
  A hydra (D)
  2 two-headed ogres (D)
  A death yak (D)
  An orc high priest (D)
  3 orc knights (D)
  A harpy (shapeshifter) (D)
  A manticore (D)
  A black mamba (D)
  2 cane toads (D)
  A komodo dragon (D)
  2 trolls (D)
  2 tyrant leeches (D)
  4 hippogriffs (D)
  3 blink frogs (D)
  6 wraiths (D)
  A vampire mosquito (D)
  A soldier ant (D)
  3 water moccasins (D)
  A porcupine (D)
  A phantom (D)
  10 orc warriors (D)
  2 wolves (D)
  7 ogres (D)
  2 crocodiles (D)
  4 bullfrogs (D)
  A hound (D)
  A jelly (D)
  2 orc wizards (D)
  A worker ant (D)
  An adder (D)
  3 shadow imps (D)
  A dart slug (D)
  3 orcs (D)
  A hobgoblin (D)
  A quokka (D)
  2 ball pythons (D)
  A ball python skeleton (D)
  A bat simulacrum (D)
  A frilled lizard (D)
  A leopard gecko simulacrum (D)
  A leopard gecko zombie (D)
90 creatures vanquished.

Vanquished Creatures (collateral kills)
  Josephine (D)
  3 two-headed ogres (D)
  An orc knight (D)
  A black mamba (D)
  A cane toad (D)
  A polar bear (D)
  Grum (D)
  A basilisk (D)
  An orc warrior (D)
  2 ogres (D)
  2 wolves (D)
  An orc priest (D)
  3 orcs (D)
19 creatures vanquished.

Grand Total: 109 creatures vanquished

Notes
Turn   | Place    | Note
-------+----------+-------------------------------------------
     0 | D        | MordorOrchid the Avariel Air Elementalist began the quest
                  | for the Orb.
     0 | D        | Reached XP level 1. HP: 10/10 MP: 6/6
     4 | D        | Reached skill level 1 in Fighting
    48 | D        | Noticed an ogre
    48 | D        | Noticed an ogre
    51 | D        | Reached skill level 3 in Spellcasting
    51 | D        | Reached XP level 2. HP: 5/19 MP: 4/8
    51 | D        | Reached skill level 5 in Air Magic
    55 | D        | Killed an ogre
    55 | D        | Reached skill level 5 in Spellcasting
    55 | D        | Reached skill level 5 in Conjurations
    55 | D        | Reached XP level 3. HP: 7/23 MP: 1/11
    55 | D        | Reached XP level 4. HP: 8/28 MP: 1/13
    61 | D        | Killed an ogre
    61 | D        | Reached skill level 6 in Spellcasting
    61 | D        | Reached skill level 10 in Air Magic
    61 | D        | Reached XP level 5. HP: 10/32 MP: 0/16
    74 | D        | Found a roughly hewn altar of Beogh.
    74 | D        | Found a snail-covered altar of Cheibriados.
    74 | D        | Found a shadowy altar of Dithmenos.
    74 | D        | Found a white marble altar of Elyvilon.
    74 | D        | Found a blossoming altar of Fedhas.
    74 | D        | Found an opulent altar of Gozag.
    75 | D        | Found a hazy altar of Hepliaklqana.
    76 | D        | Found a viscous altar of Jiyva.
    77 | D        | Found an ancient bone altar of Kikubaaqudgha.
    78 | D        | Found a corrupted altar of Lugonu.
    79 | D        | Found a burning altar of Makhleb.
    80 | D        | Found a sparkling altar of Nemelex Xobeh.
    81 | D        | Found an iron altar of Okawaru.
    82 | D        | Found a stormy altar of Qazlal.
    83 | D        | Found a sacrificial altar of Ru.
    84 | D        | Found a shimmering blue altar of Sif Muna.
    85 | D        | Found a bloodstained altar of Trog.
    86 | D        | Found a hide-covered altar of Uskayaw.
    87 | D        | Found a radiant altar of Vehumet.
    88 | D        | Found an ornate altar of the Wu Jian Council.
    89 | D        | Found a shimmering altar of Xom.
    90 | D        | Found a basalt altar of Yredelemnul.
    91 | D        | Found a glowing silver altar of Zin.
    92 | D        | Became a worshipper of Sif Muna the Loreminder
    93 | D        | Found a glowing golden altar of the Shining One.
   140 | D        | Learned a level 5 spell: Lightning Bolt
   145 | D        | Learned a level 4 spell: Airstrike
   148 | D        | Learned a level 2 spell: Swiftness
   261 | D        | Noticed a wraith
   264 | D        | Reached XP level 6. HP: 36/37 MP: 11/17
   265 | D        | Killed a wraith
   265 | D        | Reached * piety under Sif Muna
   274 | D        | Noticed a hippogriff
   274 | D        | Noticed a phantom
   274 | D        | Noticed a troll
   274 | D        | Noticed a vampire mosquito
   274 | D        | Noticed a troll
   277 | D        | Killed a vampire mosquito
   277 | D        | Reached XP level 7. HP: 35/42 MP: 3/19
   279 | D        | Killed a hippogriff
   279 | D        | Reached ** piety under Sif Muna
   279 | D        | Identified Demopn's Collected Works on Intoxication and
                  | Combat Magic (Sif Muna gifted it to you in the Dungeon)
   279 | D        | Received a gift from Sif Muna
   279 | D        | Reached skill level 7 in Spellcasting
   279 | D        | Killed a troll
   279 | D        | Reached skill level 5 in Fighting
   279 | D        | Reached skill level 5 in Dodging
   279 | D        | Reached skill level 8 in Spellcasting
   279 | D        | Reached XP level 8. HP: 9/49 MP: 3/22
   282 | D        | Killed a troll
   282 | D        | Reached skill level 9 in Spellcasting
   434 | D        | Learned a level 5 spell: Fireball
   435 | D        | Noticed a hippogriff
   435 | D        | Noticed a hippogriff
   436 | D        | Reached skill level 10 in Conjurations
   436 | D        | Received a gift from Sif Muna
   436 | D        | Noticed a six-headed hydra
   437 | D        | Killed a hippogriff
   437 | D        | Reached *** piety under Sif Muna
   437 | D        | Reached skill level 10 in Spellcasting
   437 | D        | Gained mutation: You can fly continuously. [Avariel growth]
   437 | D        | Reached XP level 9. HP: 56/56 MP: 13/25
   447 | D        | Killed a six-headed hydra
   447 | D        | Identified Sif Muna's Compendium of the Birds (Sif Muna
                  | gifted it to you in the Dungeon)
   447 | D        | Received a gift from Sif Muna
   447 | D        | Reached skill level 11 in Spellcasting
   458 | D        | Learned a level 3 spell: Regeneration
   470 | D        | Learned a level 5 spell: Summon Lightning Spire
   497 | D        | Noticed a death yak
   497 | D        | Noticed a black mamba
   497 | D        | Noticed a polar bear
   503 | D        | Killed a black mamba
   503 | D        | Reached **** piety under Sif Muna
   503 | D        | Reached skill level 1 in Charms
   503 | D        | Reached skill level 1 in Summonings
   503 | D        | Reached skill level 1 in Necromancy
   503 | D        | Reached skill level 1 in Fire Magic
   503 | D        | Reached XP level 10. HP: 64/64 MP: 2/27
   504 | D        | Identified Sif Muna's Almanac of Glacial Malediction (Sif
                  | Muna gifted it to you in the Dungeon)
   504 | D        | Received a gift from Sif Muna
   505 | D        | Killed a death yak
   505 | D        | Reached skill level 10 in Dodging
   505 | D        | Reached skill level 12 in Spellcasting
   505 | D        | Noticed a black mamba
   507 | D        | Killed a black mamba
   510 | D        | Identified Uxoheroy's Handbook of Blistering Aid (Sif Muna
                  | gifted it to you in the Dungeon)
   510 | D        | Received a gift from Sif Muna
   546 | D        | Learned a level 6 spell: Bolt of Cold
   549 | D        | Noticed a cane toad
   549 | D        | Noticed a cane toad
   549 | D        | Noticed a cane toad
   551 | D        | Killed a cane toad
   551 | D        | Reached skill level 1 in Ice Magic
   553 | D        | Killed a cane toad
   553 | D        | Reached skill level 13 in Spellcasting
   553 | D        | Reached ***** piety under Sif Muna
   553 | D        | Identified Tupla's Grimoire of Attacks and the Birds (Sif
                  | Muna gifted it to you in the Dungeon)
   553 | D        | Received a gift from Sif Muna
   553 | D        | Killed a cane toad
   553 | D        | Reached skill level 5 in Fire Magic
   556 | D        | Reached skill level 15 in Conjurations
   686 | D        | Noticed an orc knight
   691 | D        | Killed an orc knight
   691 | D        | Received a gift from Sif Muna
   691 | D        | Reached XP level 11. HP: 68/68 MP: 5/30
   729 | D        | Noticed an orc knight
   729 | D        | Noticed an orc knight
   729 | D        | Noticed an orc high priest
   731 | D        | Reached skill level 14 in Spellcasting
   732 | D        | Killed an orc knight
   732 | D        | Identified Sif Muna's Papyrus of Dusty Confrontation (Sif
                  | Muna gifted it to you in the Dungeon)
   732 | D        | Received a gift from Sif Muna
   732 | D        | Killed an orc high priest
   732 | D        | Reached skill level 5 in Ice Magic
   733 | D        | Noticed an orc knight
   734 | D        | Killed an orc knight
   734 | D        | Identified Sif Muna's Reference Book on Combat Magic (Sif
                  | Muna gifted it to you in the Dungeon)
   734 | D        | Received a gift from Sif Muna
   736 | D        | Killed an orc knight
   736 | D        | Reached skill level 15 in Spellcasting
   776 | D        | Learned a level 3 spell: Mephitic Cloud
   779 | D        | Found Jiloofah's Assorted Antiques.
   779 | D        | Noticed a two-headed ogre
   779 | D        | Noticed a two-headed ogre
   783 | D        | Killed a two-headed ogre
   783 | D        | Identified Wufith's Disquisition on Shape Shifting and
                  | Attacks (Sif Muna gifted it to you in the Dungeon)
   783 | D        | Received a gift from Sif Muna
   785 | D        | Killed a two-headed ogre
   785 | D        | Reached ****** piety under Sif Muna
   785 | D        | Reached skill level 16 in Spellcasting
   789 | D        | Noticed an ogre mage
   793 | D        | Noticed a two-headed ogre
   794 | D        | Killed an ogre mage
   794 | D        | Killed a two-headed ogre
   794 | D        | Identified Sif Muna's Collected Works on Toxins (Sif Muna
                  | gifted it to you in the Dungeon)
   794 | D        | Received a gift from Sif Muna
   796 | D        | Noticed an ogre mage
   798 | D        | Found Sasmoc's General Store.
   801 | D        | Killed an ogre mage
   801 | D        | Reached skill level 17 in Spellcasting
   803 | D        | Noticed a two-headed ogre
   809 | D        | Killed a two-headed ogre
   822 | D        | Found Ejoops's Armour Emporium.
   828 | D        | Found Efyhat Gyqu's Antique Weapon Shoppe.
   831 | D        | Bought a scroll of blinking for 157 gold pieces
   831 | D        | Bought a fuming green potion for 18 gold pieces
   831 | D        | Bought a dark potion for 18 gold pieces
   833 | D        | Bought a scroll of blinking for 82 gold pieces
   833 | D        | Bought a scroll of fog for 22 gold pieces
   861 | D        | Noticed Josephine
   862 | D        | Reached XP level 12. HP: 73/73 MP: 19/35
   864 | D        | Killed Josephine
   864 | D        | Identified Sif Muna's Volume of Battle Magic and Summoning
                  | (Sif Muna gifted it to you in the Dungeon)
   864 | D        | Received a gift from Sif Muna
   870 | D        | Noticed Harold
   873 | D        | Killed Harold
   873 | D        | Reached skill level 18 in Spellcasting
   915 | D        | Identified Wuluplu's Tome of Destructive Transmutation (Sif
                  | Muna gifted it to you in the Dungeon)
   915 | D        | Received a gift from Sif Muna
   916 | D        | Noticed Grum
   918 | D        | Killed Grum
   918 | D        | Reached skill level 1 in Shields
   980 | D        | Got the +0 spear "MordorOrchid's Bane" {protect, *Rage +Fly
                  | rElec rC+++}
  1136 | D        | Bought a runed blowgun for 121 gold pieces
  1141 | D        | Bought 82 needles of confusion for 90 gold pieces
  1141 | D        | Bought a phial of floods for 440 gold pieces
  1141 | D        | Bought a ration for 55 gold pieces
  1145 | D        | Bought an uncursed amulet of magic regeneration for 330
                  | gold pieces
  1152 | D        | Bought 2 scrolls of enchant weapon for 315 gold pieces
  1158 | D        | Bought a +0 buckler for 63 gold pieces
  1292 | D        | Learned a level 7 spell: Orb of Destruction
  1295 | D        | Noticed a two-headed ogre
  1297 | D        | Reached skill level 1 in Short Blades
  1298 | D        | Killed a two-headed ogre
  1303 | D        | Noticed a great orb of eyes
  1305 | D        | Noticed a green very ugly thing
  1309 | D        | Killed a great orb of eyes
  1311 | D        | Killed a green very ugly thing
  1311 | D        | Identified Sif Muna's Sophisticated Hermeneutics (Sif Muna
                  | gifted it to you in the Dungeon)
  1311 | D        | Received a gift from Sif Muna
  1311 | D        | Reached skill level 10 in Ice Magic
  1319 | D        | Noticed a stone giant
  1322 | D        | Hit by a large rock thrown by a stone giant

Skill      XL: |  1  2  3  4  5  6  7  8  9 10 11 12 |
---------------+-------------------------------------+-----
Fighting       | 3 5 6 8 |  8.1
Spellcasting   | 3 5 6 8 10 11 13 17 18 | 18.1
Conjurations   | 2 5 6 7 9 10 13 15 17 | 17.0
Air Magic      | 8 10 | 10.7
Invocations    | 3 7 |  7.3
Evocations     | 3 7 |  7.3
Dodging        | 3 5 8 9 10 12 13 | 13.8
Charms         | 1 3 |  3.3
Summonings     | 1 3 |  3.2
Necromancy     | 1 4 |  4.2
Fire Magic     | 1 5 |  5.1
Ice Magic      | 4 8 10 | 10.4
Shields        | 4 |  4.9
Short Blades   | 4 |  4.0
Stealth        | |  2.1

Action                   |  1- 3 |  4- 6 |  7- 9 | 10-12 || total
-------------------------+-------+-------+-------+-------++-------
Melee: Rapier            |       |     2 |     4 |       ||     6
       Scimitar          |       |       |     4 |       ||     4
 Cast: Shock             |    10 |     3 |     2 |     2 ||    17
       Lightning Bolt    |       |     2 |     9 |    37 ||    48
       Regeneration      |       |       |     4 |     3 ||     7
       Summon Lightning  |       |       |     2 |     7 ||     9
       Fireball          |       |       |     1 |     1 ||     2
       Mephitic Cloud    |       |       |       |     1 ||     1
       Bolt of Cold      |       |       |       |     9 ||     9
       Airstrike         |       |       |       |     5 ||     5
Invok: Divine Energy     |       |     1 |       |       ||     1
       Channel Magic     |       |       |     2 |     9 ||    11
Evoke: Wand              |       |       |     4 |       ||     4
  Use: Potion            |     1 |     1 |     2 |       ||     4
       Scroll            |       |       |       |     4 ||     4
 Stab: Invisible         |       |       |     1 |       ||     1
  Eat: Chunk             |       |       |     2 |     6 ||     8
Armor: Robe              |       |     2 |     1 |       ||     3
Dodge: Dodged            |     1 |     4 |    27 |     4 ||    36
